cohdb
Replays
Latest Replays
All Replays
Popular Replays
Top Player Replays
Match Explorer
How It Works
Community
CoH3 Stats
Reddit
Sign in to upload your games and track your stats! →
Sign in with Steam
Match 41992258
Unlisted
Match 41992258
Overview
Messages
Build Orders
End
Scout Squad
Construct Barracks
Selects Heavy Weapons
Riflemen Squad
Riflemen Squad
Construct Weapon Support Center
M1919 Machine Gun Team
Mechanized Support Center
M3 Armored Personnel Carrier
Construct Medical Station
M1918 Browning Automatic Rifles
Engineer Squad
Bazooka Squad
Riflemen Squad
Von Seltei
سَۨفُـيٰانۨوٰس
0
0
Comments
sign in to comment!
No comments posted yet!